 Dungeon Crawl Stone Soup version 0.29.0-4-gdea44cf6ec (webtiles) character file.

Game seed: 12814989106048843594

144 qw the Chopper (level 5, -8/30 HPs)
             Began as a Tengu Warper on Aug 28, 2022.
             Mangled by a gnoll bouda
             ... wielding a +0 whip
              (10 damage)
             ... on level 4 of the Dungeon.
             The game lasted 00:00:16 (2875 turns).

qw the Chopper (Tengu Warper)                       Turns: 2875, Time: 00:00:17

Health: -8/30      AC:  8    Str: 13    XL:     5   Next: 26%
Magic:  9/9        EV:  3    Int: 13    God:
Gold:   153        SH: 12    Dex: 14    Spells: 8/8 levels left

rFire   . . .      SeeInvis .   Y - +0 war axe
rCold   . . .      Faith    .   n - +0 tower shield
rNeg    . . .      Spirit   .   r - +0 chain mail
rPois   .          Reflect  .   (helmet restricted)
rElec   .          Harm     .   (no cloak)
rCorr   .          Rampage  .   (no gloves)
Will    .....                   (boots unavailable)
Stlth   ..........              (no amulet)
HPRegen 0.10/turn               (no ring)
MPRegen 0.11/turn               (no ring)

@: flying quickly and evasively, quick
A: beak, talons 3, nimble flight
a: no special abilities


You were on level 4 of the Dungeon.
You visited 1 branch of the dungeon, and saw 4 of its levels.

You collected 153 gold pieces.


Innate Abilities, Weirdness & Mutations

You have a beak for a mouth.
You have claws for feet.
Your magical nature lets you fly swiftly and evasively.


   Skills:
 - Level 2.0 Fighting
 - Level 4.5 Axes
 - Level 1.0 Throwing
 - Level 1.1 Armour
 - Level 2.1 Dodging
 + Level 3.0 Shields
 - Level 2.0 Spellcasting
 - Level 2.4 Translocations


You had 8 spell levels left.
You didn't know any spells.
Your spell library contained the following spells:

 Spells                   Type           Power      Damage    Failure   Level
 Blink                    Tloc           14%        N/A       100%        2
 Gell's Gravitas          Tloc           7%         N/A       100%        3
 Lesser Beckoning         Tloc           7%         N/A       100%        3
 Teleport Other           Tloc           7%         N/A       100%        3
 Manifold Assault         Tloc           7%         N/A       100%        5

Inventory:

Hand Weapons
 c - a +0 mace
 Y - a +0 war axe (weapon)
Missiles
 s - 2 javelins (quivered)
Armour
 n - a +0 tower shield (worn)
 r - a +0 chain mail (worn)
Jewellery
 e - a ring of fire
 t - a ring of fire
Scrolls
 g - a scroll of identify
Potions
 f - a potion of ambrosia {unknown}
 h - a potion of lignification {unknown}
 j - a potion of might {unknown}
 l - a potion of mutation {unknown}
 m - a potion of attraction {unknown}
 p - a potion of curing {unknown}
 q - a potion of haste {unknown}

Dungeon Overview and Level Annotations

Branches:
Dungeon (4/15)
 Temple: D:4-7

Altars:

Shops:
D:2 (


Message History

You block the gnoll's attack.
You miss the quokka. Your peck misses the quokka.
The quokka is heavily wounded.
You hit the gnoll. The quokka bites you.
The gnoll bouda gazes fiercely through you!
You feel your attacks grow feeble. The gnoll hits you with a +0 flail!
The quokka bites you but does no damage.
You hit the gnoll.
You kill the gnoll!
You hit the quokka but do no damage. You block the quokka's attack.
The gnoll bouda barks out a call to the hunt!
The gnolls pick up the pace!
The quokka bites you.
Your Shields skill increases to level 3!
You hit the quokka.
You kill the quokka!
You hit the gnoll bouda but do no damage.
You block the gnoll bouda's attack.
You hit the gnoll bouda but do no damage.
You claw the gnoll bouda, but do no damage.
You peck the gnoll bouda, but do no damage.
You hit the gnoll.
Your attacks no longer feel as feeble.
The gnoll hits you with a +0 whip.
The gnoll bouda hits you with a +0 whip.
The gnoll hits you with a +0 whip.
You hit the gnoll. You peck the gnoll, but do no damage.
The gnoll is moderately wounded.
You hit the gnoll bouda but do no damage.
The gnoll bouda hits you but does no damage.
The gnoll hits you but does no damage. You block the gnoll bouda's attack.
The gnoll barely misses you.
You hit the gnoll but do no damage. You claw the gnoll.
The gnoll is heavily wounded.
You slash the gnoll bouda!
The gnoll bouda hits you with a +0 whip!
You die...

. .. ... ....
. ####.....
... #ggKg....
.....##@###+#
......%<....#
......#######
#####. #


You could see a gnoll bouda, 2 gnolls and a kobold.

Vanquished Creatures
  An orc wizard (D:3)
  2 gnolls
  2 adders
  A worm (D:2)
  3 dart slugs (D:2)
  3 orcs (D:3)
  9 endoplasms
  2 giant cockroaches
  5 goblins
  2 hobgoblins
  4 jackals
  9 kobolds
  3 quokkas
  6 ball pythons
  7 bats
  3 frilled lizards
  9 rats
71 creatures vanquished.

Notes
Turn   | Place    | Note
-------+----------+-------------------------------------------
     0 | D:1      | qw the Tengu Warper began the quest for the Orb.
     0 | D:1      | Reached XP level 1. HP: 12/12 MP: 4/4
     0 | D:1      | 0 ||| qw: Version: 0.1-a-89-g26bdef1
     0 | D:1      | 0 ||| qw: Game counter: 1166
     0 | D:1      | 0 ||| qw: Always use a shield: true
     0 | D:1      | 0 ||| qw: God list: Okawaru
     0 | D:1      | 0 ||| qw: Allow faded altars: false
     0 | D:1      | 0 ||| qw: Do Orc after D:15 true
     0 | D:1      | 0 ||| qw: Do second Lair branch before Depths: true
     0 | D:1      | 0 ||| qw: Lair rune preference: random
     0 | D:1      | 0 ||| qw: Plans: Normal
     0 | D:1      | 0 ||| PLANNING D:1-11
    46 | D:1      | 46 ||| Stepping ~*~*~tactically~*~*~ (stealth).
   121 | D:1      | 121 ||| SWAPPING to +0 hand axe of venom.
   122 | D:1      | 122 ||| DROPPING +0 hand axe.
   178 | D:1      | 178 ||| Stepping ~*~*~tactically~*~*~ (stealth).
   179 | D:1      | 179 ||| Stepping ~*~*~tactically~*~*~ (stealth).
   180 | D:1      | 180 ||| Stepping ~*~*~tactically~*~*~ (stealth).
   189 | D:1      | Reached XP level 2. HP: 17/17 MP: 6/6
   212 | D:1      | Reached skill level 3 in Axes
   577 | D:1      | Reached XP level 3. HP: 21/21 MP: 7/7
   784 | D:1      | 784 ||| READING scroll labelled QUAT ECVUNI.
   785 | D:1      | 785 ||| READING 2 scrolls labelled PAOKHIEDD.
   786 | D:1      | 786 ||| READING scroll labelled ACLUEJIQAO.
   787 | D:1      | 787 ||| READING scroll labelled FEEFFA MITOKH.
   788 | D:1      | 788 ||| READING scroll labelled ORGHY WIGUHEU.
   789 | D:1      | 789 ||| DROPPING scroll of blinking.
   837 | D:2      | 837 ||| DROPPING +0 club.
   841 | D:2      | 841 ||| Stepping ~*~*~tactically~*~*~ (stealth).
   849 | D:2      | 849 ||| Stepping ~*~*~tactically~*~*~ (stealth).
   850 | D:2      | 850 ||| Stepping ~*~*~tactically~*~*~ (stealth).
   852 | D:2      | 852 ||| Stepping ~*~*~tactically~*~*~ (stealth).
   859 | D:2      | Reached skill level 4 in Axes
  1118 | D:2      | 1118 ||| Stepping ~*~*~tactically~*~*~ (stealth).
  1119 | D:2      | 1119 ||| Stepping ~*~*~tactically~*~*~ (stealth).
  1248 | D:2      | 1248 ||| Stepping ~*~*~tactically~*~*~ (stealth).
  1250 | D:2      | 1250 ||| Stepping ~*~*~tactically~*~*~ (stealth).
  1441 | D:2      | Found Biterio's Antique Weapon Shop.
  1444 | D:2      | 1444 ||| SHOPLISTING runed demon whip (378 gold, have 91).
  1444 | D:2      | 1444 ||| SHOPLISTING runed whip (115 gold, have 91).
  1458 | D:2      | 1458 ||| Stepping ~*~*~tactically~*~*~ (stealth).
  1459 | D:2      | 1459 ||| Stepping ~*~*~tactically~*~*~ (stealth).
  1488 | D:2      | 1488 ||| Stepping ~*~*~tactically~*~*~ (stealth).
  1836 | D:2      | 1836 ||| UPGRADING to +3 leather armour.
  1846 | D:2      | 1846 ||| DROPPING +0 leather armour.
  1847 | D:2      | 1847 ||| UPGRADING to +0 tower shield.
  1852 | D:2      | 1852 ||| DROPPING +2 robe of the Archmagi.
  1853 | D:2      | 1853 ||| READING scroll labelled UTWABR CADIYS.
  1854 | D:2      | 1854 ||| READING 2 scrolls of identify.
  1854 | D:2      | 1854 ||| IDENTIFYING amethyst potion
  1855 | D:2      | 1855 ||| DROPPING potion of flight.
  1907 | D:3      | Found a faded altar of an unknown god.
  1909 | D:3      | 1909 ||| STAIRDANCE
  1914 | D:3      | 1914 ||| STAIRDANCE
  1917 | D:2      | Reached XP level 4. HP: 25/26 MP: 8/8
  1918 | D:2      | Reached skill level 1 in Shields
  1975 | D:3      | 1975 ||| STAIRDANCE
  2034 | D:3      | 2034 ||| STAIRDANCE
  2053 | D:3      | 2053 ||| Stepping ~*~*~tactically~*~*~ (stealth).
  2163 | D:3      | 2163 ||| Stepping ~*~*~tactically~*~*~ (stealth).
  2241 | D:3      | 2241 ||| Stepping ~*~*~tactically~*~*~ (stealth).
  2242 | D:3      | 2242 ||| Stepping ~*~*~tactically~*~*~ (stealth).
  2260 | D:3      | Gained mutation: Your magical nature lets you fly swiftly
                  | and evasively. [Tengu growth]
  2260 | D:3      | Reached XP level 5. HP: 8/30 MP: 9/9
  2504 | D:3      | 2504 ||| SWAPPING to +0 war axe.
  2506 | D:3      | 2506 ||| DROPPING +1 hand axe of venom.
  2725 | D:3      | 2725 ||| UPGRADING to +0 chain mail.
  2735 | D:3      | 2735 ||| DROPPING +3 leather armour.
  2736 | D:3      | 2736 ||| DROPPING ring of flight.
  2737 | D:3      | 2737 ||| READING 2 scrolls labelled ZAPUCU COMUDGHO.
  2738 | D:3      | 2738 ||| READING 2 scrolls labelled WIZXUO CEISIAN.
  2839 | D:3      | 2839 ||| READING 2 scrolls of identify.
  2839 | D:3      | 2839 ||| IDENTIFYING white potion
  2840 | D:3      | 2840 ||| DROPPING potion of magic.
  2841 | D:3      | 2841 ||| DROPPING scroll of amnesia.
  2842 | D:3      | 2842 ||| DROPPING scroll of silence.
  2872 | D:4      | Reached skill level 3 in Shields
  2873 | D:4      | HP: 4/30 [gnoll bouda/+0 whip (5)]
  2873 | D:4      | HP: 1/30 [gnoll/+0 whip[a gnoll bouda] (3)]
  2875 | D:4      | Mangled by a gnoll bouda

Levels and vault maps discovered:
D:1:      dpeg_arrival_round_c, layout_loops_ring
D:2:      minmay_angry_zag, layout_loops_corners, serial_shops,
          nicolae_shop_behind_doors
D:3:      layout_rooms, chequers_ecumenical_altar_simple
D:4:      layout_basic, mainiacjoe_overflow_cross_hatched, uniq_eustachio

Skill      XL: |  1  2  3  4  5 |
---------------+----------------+-----
Axes           | 3 4 |  4.5
Shields        | 2 3 |  3.0
Fighting       | |  2.0
Throwing       | |  1.0
Armour         | |  1.1
Dodging        | |  2.1
Spellcasting   | |  2.0
Translocations | |  2.4

Action                   |  1- 3 |  4- 6 || total
-------------------------+-------+-------++-------
Melee: Hand axe          |    44 |    38 ||    82
       Kick              |    11 |    14 ||    25
       Peck              |     4 |     5 ||     9
       Punch             |     1 |       ||     1
       War axe           |       |    13 ||    13
Throw: Boomerang         |     7 |       ||     7
       Javelin           |    26 |    19 ||    45
  Use: Scroll            |     7 |     3 ||    10
 Stab: Sleeping          |     1 |       ||     1
Armor: Leather armour    |    17 |    16 ||    33
       Chain mail        |       |     6 ||     6
Dodge: Dodged            |    28 |    15 ||    43
Block: Tower shield      |     5 |    36 ||    41

Table legend:
 A = Non-vault XP
 B = Vault XP
 C = Vault XP percentage of total XP
 D = Non-vault monster count
 E = Vault monster count
 F = Vault count percentage of total count
                 A         B        C        D         E       F
            +---------+---------+-------+---------+---------+-------
      Total |     196 |      10 |   4.9 |      66 |       5 |   7.0
            +---------+---------+-------+---------+---------+-------
        D:1 |      37 |       0 |   0.0 |      17 |       0 |   0.0
        D:2 |      59 |      10 |  14.5 |      25 |       5 |  16.7
        D:3 |      84 |       0 |   0.0 |      22 |       0 |   0.0
        D:4 |      16 |       0 |   0.0 |       2 |       0 |   0.0
            +---------+---------+-------+---------+---------+-------
